 Dungeon Crawl Stone Soup version 0.17-a0-1582-ge6b0260 (webtiles) character file.

3349 wvc the Covert (level 9, -1/40 HPs)
             Began as a Spriggan Artificer on July 27, 2015.
             Was an Initiate of Ru.
             Slain by a cyclops (22 damage)
             ... on level 8 of the Dungeon.
             The game lasted 00:19:48 (9276 turns).

wvc the Covert (Spriggan Artificer)                 Turns: 9276, Time: 00:19:49

Health: -1/40      AC:  8    Str:  7    XL:     9   Next: 72%
Magic:  15/15      EV: 22    Int: 14    God:    Ru [......]
Gold:   386        SH:  0    Dex: 19    Spells: 0 memorised, 8 levels left

rFire  . . .     SeeInvis +     q - +3 short sword (venom)
rCold  + . .     Clarity  .     b - +0 robe
rNeg   + . .     SustAt   .     (shield restricted)
rPois  .         Gourm    .     (helmet restricted)
rElec  +         Spirit   .     K - +2 cloak of Starlight {rElec rC+ EV+4 Stlth--}
rCorr  .         Warding  +     (gloves unavailable)
rMut   .         Stasis   .     (boots unavailable)
MR     +....                    v - amulet of warding
Stlth  +++++.....               (no ring)
                                B - +3 ring of protection

@: very quick, somewhat resistant to hostile enchantments, quite stealthy
A: unfitting armour, see invisible, herbivore 3, speed 3, slow metabolism 2
a: Renounce Religion


You were on level 8 of the Dungeon.
You worshipped Ru.
Ru was noncommittal.
You were not hungry.

You visited 2 branches of the dungeon, and saw 9 of its levels.

You collected 386 gold pieces.

Inventory:

Hand weapons
 h - a +2 short sword of flaming
 n - a +2 dagger of holy wrath
 q - a +3 short sword of venom (weapon)
 D - the +6 dagger of Atutid {drain, Str-3 Int+8 SInv}
   (You found it on level 5 of the Dungeon)

   A truly terrible weapon, it drains the life of those it strikes.
   It affects your strength (-3).
   It affects your intelligence (+8).
   It lets you see invisible.
 H - a +2 dagger of venom
Missiles
 m - 74 poisoned needles
Armour
 b - a +0 robe (worn)
 K - the +2 cloak of Starlight (worn) {rElec rC+ EV+4 Stlth--}
   (You found it on level 7 of the Dungeon)

   It affects your evasion (+4).
   It protects you from cold.
   It insulates you from electricity.
   It makes you much less stealthy.
Jewellery
 v - an amulet of warding (around neck)
 B - a +3 ring of protection (left hand)
Magical devices
 c - a wand of flame (16)
 d - a wand of enslavement (12)
 e - a wand of random effects (5)
 w - a wand of digging (17)
 J - a wand of lightning (5)
 L - a wand of frost (23)
 M - a wand of fire (0)
 O - a wand of cold (8)
Scrolls
 a - 5 scrolls of remove curse
 g - a scroll of immolation
 j - 5 scrolls of magic mapping
 k - 3 scrolls of teleportation
 p - 6 scrolls of enchant weapon
 s - 3 scrolls of recharging
 G - a scroll of fear
Potions
 i - 3 potions of flight
 l - a potion of agility
 o - 2 potions of ambrosia
 r - 2 potions of cure mutation
 t - a potion of lignification {unknown}
 x - a potion of curing
 z - a potion of invisibility {unknown}
 A - 2 potions of haste {unknown}
 C - a potion of heal wounds {unknown}
 F - a potion of mutation {unknown}
 N - a potion of magic {unknown}
Books
 u - a book of Callings

   Spells                             Type                      Level
   a - Summon Small Mammal            Summoning                    1
   b - Call Imp                       Summoning                    2
   c - Call Canine Familiar           Summoning                    3
   d - Summon Guardian Golem          Hexes/Summoning              3
   e - Summon Lightning Spire         Summoning/Air                4
   f - Summon Ice Beast               Ice/Summoning                4
 y - a book of the Earth

   Spells                             Type                      Level
   a - Leda's Liquefaction            Hexes/Earth                  4
   b - Bolt of Magma                  Conjuration/Fire/Earth       5
   c - Statue Form                    Transmutation/Earth          6
   d - Iron Shot                      Conjuration/Earth            6
   e - Shatter                        Earth                        9
 E - a book of the Warp

   Spells                             Type                      Level
   a - Recall                         Summoning/Translocation      3
   b - Gell's Gravitas                Hexes/Translocation          3
   c - Force Lance                    Conjuration/Translocation    4
   d - Phase Shift                    Translocation                5
   e - Warp Weapon                    Charms/Translocation         5
   f - Summon Forest                  Summoning/Translocation      5
Comestibles
 f - 6 bread rations
 I - a royal jelly


   Skills:
 - Level 0.7 Fighting
 * Level 9.2 Short Blades
 - Level 3.0 Dodging
 + Level 14.6 Stealth
 + Level 7.3 Evocations


You had 8 spell levels left.
You didn't know any spells.

Dungeon Overview and Level Annotations

Branches:
Dungeon (8/15)             Temple (1/1) D:6            Lair (0/8) D:8

Altars:
Ashenzari
Cheibriados
Dithmenos
Fedhas
Gozag
Kikubaaqudgha
Makhleb
Nemelex Xobeh
Okawaru
Qazlal
Ru
Sif Muna
Trog
Xom
Yredelemnul


Innate Abilities, Weirdness & Mutations

You are tiny and cannot use many weapons and most armour.
You have supernaturally acute eyesight.
You are a herbivore.
You cover ground extremely quickly.
You need consume almost no food.


Message History

You hit the cyclops.
The cyclops is heavily wounded.
The cyclops completely misses you.
You barely miss the cyclops.
The cyclops is heavily wounded.
The rat bites you but does no damage.
You hit the cyclops but do no damage.
The cyclops is severely wounded.
The cyclops misses you.
You barely miss the cyclops.
The cyclops is severely wounded.
The rat misses you.
You hit the cyclops but do no damage.
The cyclops is severely wounded.
The cyclops hits you!! The rat completely misses you.
You hit the cyclops.
The cyclops is severely wounded.
You closely miss the rat. The rat closely misses you. The cyclops hits you!!
Ouch! That really hurt!
You die...

####...#####.#####......... #
............)............. #
..............####....... #
..............####...... #
###.....###.####... ... # #.###.#
#.####.####†# # #.# #.#
#.##......#.## # #.###.#
#......C.....## #######
###.....######.#@##.....# #......
....###....†.#.#.r......###.#####
.##.###.####.#.###............#
.##.....####.#.# #.....#<^#.#.#
.##........#.#......#.......#.#
.##.##.###.#.#####.#####..###.#
.#.......#.....# #........###.#
.......#.###.#># ########.....#
##.#####.###.#.# #######


You could see a cyclops and a rat.

Vanquished Creatures
  Pikel (D:5)
  An ugly thing (D:8)
  A hungry ghost (D:7)
  An orc warrior (D:6)
  3 slaves (D:5)
  An ice beast (D:3)
  A sky beast (D:5)
  2 centaurs
  An ogre (D:4)
  3 giant frogs
  2 scorpions
  2 jellies
  A wyvern skeleton (D:6)
  7 killer bees
  3 hounds
  3 centaur skeletons
  A giant frog skeleton (D:4)
  5 orc priests
  5 orc wizards
  4 worker ants
  2 hound skeletons
  A gnoll (D:1)
  5 adders
  2 shadow imps
  2 oozes
  An adder skeleton (D:4)
  2 worms
  5 giant geckos
  29 orcs
  2 ball pythons
  2 bat skeletons
  5 giant cockroaches
  15 hobgoblins
  21 kobolds
  2 quokkas
  14 bats
  7 giant newts
  17 goblins
  13 jackals
  A jackal skeleton (D:8)
  A quokka skeleton (D:3)
  10 rats
207 creatures vanquished.

Notes
Turn   | Place    | Note
--------------------------------------------------------------
     0 | D:1      | wvc the Spriggan Artificer began the quest for the Orb.
     0 | D:1      | Reached XP level 1. HP: 9/9 MP: 4/4
    89 | D:1      | Reached XP level 2. HP: 7/14 MP: 6/6
   401 | D:1      | Reached skill level 5 in Evocations
   634 | D:1      | Reached XP level 3. HP: 15/17 MP: 7/7
  2097 | D:2      | Reached XP level 4. HP: 21/21 MP: 9/9
  3046 | D:3      | Noticed an ice beast
  3066 | D:3      | Killed an ice beast
  3066 | D:3      | Reached skill level 6 in Stealth
  3066 | D:3      | Reached XP level 5. HP: 21/25 MP: 10/10
  3449 | D:4      | Noticed an ogre
  3479 | D:4      | Killed an ogre
  3479 | D:4      | Reached skill level 7 in Stealth
  3479 | D:4      | Reached XP level 6. HP: 4/29 MP: 11/11
  3949 | D:4      | Reached skill level 8 in Stealth
  4650 | D:5      | Entered Level 5 of the Dungeon
  4703 | D:5      | Reached skill level 9 in Stealth
  4907 | D:5      | Found a sacrificial altar of Ru.
  4908 | D:5      | Found a burning altar of Makhleb.
  4908 | D:5      | Found a blossoming altar of Fedhas.
  4908 | D:5      | Found a shattered altar of Ashenzari.
  4914 | D:5      | Found an opulent altar of Gozag.
  4914 | D:5      | Found a deep blue altar of Sif Muna.
  4925 | D:5      | Became a worshipper of Ru the Awakened
  4951 | D:5      | Noticed Pikel
  5105 | D:5      | Reached XP level 7. HP: 9/32 MP: 12/12
  5355 | D:5      | Killed Pikel
  5355 | D:5      | Reached skill level 5 in Short Blades
  5355 | D:5      | Reached skill level 11 in Stealth
  5355 | D:5      | Reached XP level 8. HP: 31/37 MP: 13/13
  5470 | D:5      | Got a blackened dagger
  5485 | D:5      | Identified the +6 dagger of Atutid {drain, Str-3 Int+8 SInv} (You found it on level 5 of the Dungeon)
  6236 | D:6      | Reached skill level 12 in Stealth
  6778 | D:6      | Found a staircase to the Ecumenical Temple.
  6784 | Temple   | Entered the Ecumenical Temple
  7273 | D:7      | Reached XP level 9. HP: 33/40 MP: 15/15
  7472 | D:7      | HP: 2/40 [killer bee (2)]
  7473 | D:7      | Reached skill level 13 in Stealth
  8186 | D:8      | Noticed a cyclops
  8454 | D:8      | Noticed a centaur skeleton
  8475 | D:8      | Killed a centaur skeleton
  8567 | D:8      | Found a staircase to the Lair.
  8575 | D:8      | Found a sparkling altar of Nemelex Xobeh.
  8578 | D:8      | Found a basalt altar of Yredelemnul.
  8643 | D:8      | Noticed a green ugly thing
  8684 | D:8      | Killed a green ugly thing
  8684 | D:8      | Reached skill level 14 in Stealth
  9276 | D:8      | Slain by a cyclops

Vault maps used:
D:1:      elethiomel_arrival_maze
D:2:      grunt_ministairs_1
D:3:      first_bread
D:4:      kennysheep_generic_room_7
D:5:      minmay_overflow_temple_hex, minmay_misc_feat_alley, uniq_pikel
D:6:      minmay_temple_entry_enclosed_plants
D:7:      corexii_shack_village
D:8:      nicolae_overflow_hidden_temple, lair_0_dummy
Temple:   temple_island_7

Action                   |  1- 3 |  4- 6 |  7- 9 || total
-------------------------+-------+-------+-------++-------
Melee: Short sword       |    33 |   150 |   340 ||   523
       Dagger            |    33 |       |    21 ||    54
Invok: Reject Sacrifices |       |       |     1 ||     1
Evoke: Wand              |     2 |    16 |    16 ||    34
  Use: Scroll            |    10 |     4 |     5 ||    19
       Potion            |       |       |     1 ||     1
 Stab: Sleeping          |     6 |    20 |    24 ||    50
       Distracted        |       |     2 |     1 ||     3
       Paralysed         |       |       |     1 ||     1
  Eat: Fruit             |       |     3 |     7 ||    10
